 Dungeon Crawl Stone Soup version 0.20.1-1-g8b1a95d (webtiles) character file.

10779 Irenicus the Severer (level 11, 0/90 HPs)
             Began as a Deep Dwarf Necromancer on Nov 1, 2017.
             Was an Elder of Makhleb.
             Slain by a wraith (6 damage)
             ... on level 10 of the Dungeon.
             The game lasted 00:46:00 (7390 turns).

Irenicus the Severer (Deep Dwarf Necromancer)       Turns: 7390, Time: 00:46:02

Health: 0/90       AC: 10    Str: 12    XL:     11   Next: 40%
Magic:  10/14      EV: 16    Int: 25    God:    Makhleb [****..]
Gold:   485        SH:  6    Dex: 16    Spells: 9/14 levels left

rFire    . . .     SeeInvis .   t - +0 war axe
rCold    . . .     Gourm    .   F - +0 buckler
rNeg     . . .     Faith    .   q - +3 leather armour
rPois    .         Spirit   .   (no helmet)
rElec    .         Reflect  .   G - +0 cloak
rCorr    .         Harm     .   r - +2 pair of gloves
MR       +....                  (no boots)
Stlth    ++........             d - amulet of magic regeneration
Regen    0.0/turn               h - +5 ring of intelligence
MPRegen  0.3/turn               C - +4 ring of intelligence

@: non-regenerating, slowed, drained, very slow
A: damage resistance, heal wounds, sense surroundings 2, no regeneration
a: Heal Wounds, Minor Destruction, Lesser Servant of Makhleb, Major Destruction,
Renounce Religion


You were on level 10 of the Dungeon.
You worshipped Makhleb.
Makhleb was greatly pleased with you.
You were hungry.

You visited 2 branches of the dungeon, and saw 11 of its levels.

You collected 485 gold pieces.

Inventory:

Hand Weapons
 t - a +0 war axe (weapon)
Armour
 q - a +3 leather armour (worn)
 r - a +2 pair of gloves (worn)
 F - a +0 buckler (worn)
 G - a +0 cloak (worn)
Jewellery
 d - an amulet of magic regeneration (around neck)
 e - an uncursed ring of resist corrosion
 g - an uncursed ring of see invisible
 h - a +5 ring of intelligence (left hand)
 p - an uncursed ring of protection from cold
 w - a +2 ring of dexterity
 C - a +4 ring of intelligence (right hand)
Wands
 v - a wand of flame (0/48)
 z - a wand of polymorph (10/24)
Scrolls
 a - a scroll of blinking {unknown}
 f - 4 scrolls of magic mapping {unknown}
 j - 5 scrolls of teleportation {unknown}
 k - a scroll of identify
 l - a scroll of remove curse
 s - 9 scrolls of enchant weapon {unknown}
 x - 2 scrolls of amnesia {unknown}
 y - 2 scrolls of immolation {unknown}
 B - a scroll of fog {unknown}
 D - 5 scrolls of fear {unknown}
 H - a scroll of enchant armour {unknown}
Potions
 u - 2 potions of curing
 A - a potion of might
 I - a potion of ambrosia
Books
 b - a book of Necromancy

   Spells                             Type                      Level
   a - Pain                           Necromancy                   1
   b - Animate Skeleton               Necromancy                   1
   c - Vampiric Draining              Necromancy                   3
   d - Regeneration                   Charms/Necromancy            3
   e - Animate Dead                   Necromancy                   4
   f - Control Undead                 Necromancy                   4
 o - a book of Maledictions

   Spells                             Type                      Level
   a - Corona                         Hexes                        1
   b - Ensorcelled Hibernation        Hexes/Ice                    2
   c - Confuse                        Hexes                        3
   d - Tukima's Dance                 Hexes                        3
   e - Dazzling Spray                 Conjuration/Hexes            3
Comestibles
 c - 4 bread rations
 i - 4 meat rations
 m - 2 fruits
 n - 7 royal jellies
 E - 3 chunks of flesh


   Skills:
 - Level 3.0(2.4) Fighting
 - Level 15.1(14.4) Axes
 + Level 7.5(6.9) Dodging
 - Level 2.4(1.9) Stealth
 - Level 7.1(6.5) Shields
 - Level 2.0(1.5) Spellcasting
 - Level 6.0(5.4) Necromancy
 - Level 1.0(0.5) Evocations


You had 9 spell levels left.
You knew the following spells:

 Your Spells              Type           Power        Failure   Level  Hunger
a - Pain                  Necr           ####         1%          1    #......
b - Animate Skeleton      Necr           N/A          1%          1    #......
e - Vampiric Draining     Necr           ####......   4%          3    ###....


Dungeon Overview and Level Annotations

Branches:
Dungeon (10/15)            Temple (1/1) D:5            Lair (0/6) D:8
    Orc: D:9-12

Altars:
Ashenzari
Cheibriados
Dithmenos
Elyvilon
Fedhas
Gozag
Kikubaaqudgha
Makhleb
Nemelex Xobeh
Okawaru
Qazlal
Ru
Sif Muna
Trog
Uskayaw
Vehumet
Xom
Yredelemnul
Zin
The Shining One

Annotations:
D:5 a potion ?
D:10 Nergalle


Innate Abilities, Weirdness & Mutations

You are resistant to damage.
You can heal yourself by infusing magical energy.
You passively map the area around you.
You do not regenerate.


Message History

You hit the wraith.
The wraith is heavily damaged.
The wraith hits you. The wraith drains your vigour!
You feel as though you will be slow longer.
You hit the wraith but do no damage.
The wraith is heavily damaged.
The wraith hits you!
* * * LOW HITPOINT WARNING * * *
The wraith drains your vigour!
You feel as though you will be slow longer.
Okay, then.
Okay, then.
You slash the wraith!
The wraith is severely damaged.
The wraith hits you.
* * * LOW HITPOINT WARNING * * *
You hit the wraith.
The wraith is almost destroyed.
The wraith hits you!
You die...

** * #..........##
* * *
#..W.........
#######.........$#
* *
........#.)..##.#*
##########.#.#*.#
** ###.#*.# #.# .#
* #W##.## #.@...#
, ####..# ,, *,
,..# * , ** ..# ,
,, ..# * * * *..#
* ..# ..# * ** * *
, *


You could see a wraith.

Vanquished Creatures
  Erica (D:7)
  Maurice (D:8)
  Joseph (D:8)
  A gargoyle (D:10)
  A queen bee (D:9)
  2 hippogriffs
  2 wyverns
  9 yaks
  Eustachio (D:5)
  A hornet zombie (D:10)
  3 ice beasts
  3 orc warriors
  2 necrophages
  2 ogres
  3 phantoms
  7 centaurs
  A big kobold (D:8)
  5 bullfrogs
  A wyvern zombie (D:7)
  4 scorpions
  70 killer bees
  A howler monkey (D:6)
  A crimson imp (D:7)
  A bullfrog zombie (D:7)
  A centaur zombie (D:5)
  7 hounds
  10 orc priests
  8 orc wizards
  5 iguanas
  3 worker ants
  Natasha (thrice) (D:4)
  2 hound zombies
  A hound skeleton (D:7)
  A worker ant zombie (D:9)
  2 howler monkey skeletons
  4 adders
  5 shadow imps
  An ooze (D:1)
  2 worms
  3 dart slugs
  7 leopard geckos
  45 orcs
  5 giant cockroaches
  3 goblins (D:1)
  7 hobgoblins
  5 jackals
  4 quokkas
  6 bats
  3 frilled lizards (D:2)
  17 kobolds
  2 leopard gecko skeletons
  2 rats
288 creatures vanquished.

Vanquished Creatures (collateral kills)
  A centaur (D:5)
  A bullfrog skeleton (D:4)
  A hound (D:4)
  An adder (D:7)
  A worm (D:3)
  An orc (D:7)
6 creatures vanquished.

Vanquished Creatures (others)
  A jackal (D:10)
1 creature vanquished.

Grand Total: 295 creatures vanquished

Notes
Turn   | Place    | Note
-------+----------+-------------------------------------------
     0 | D:1      | Irenicus the Deep Dwarf Necromancer began the quest for the Orb.
     0 | D:1      | Reached XP level 1. HP: 15/15 MP: 3/3
   317 | D:1      | Reached skill level 5 in Necromancy
   317 | D:1      | Reached XP level 2. HP: 17/22 MP: 0/4
   879 | D:2      | Reached XP level 3. HP: 18/28 MP: 1/5
  1011 | D:2      | Learned a level 3 spell: Vampiric Draining
  1050 | D:2      | Found a shattered altar of Ashenzari.
  1346 | D:3      | Learned a level 1 spell: Animate Skeleton
  1380 | D:3      | Reached XP level 4. HP: 32/36 MP: 0/7
  1507 | D:3      | Reached skill level 1 in Axes
  1536 | D:3      | Found a bloodstained altar of Trog.
  1558 | D:3      | Reached skill level 2 in Axes
  1562 | D:3      | Reached skill level 3 in Axes
  1562 | D:3      | Reached XP level 5. HP: 16/42 MP: 0/8
  1760 | D:3      | Found a shimmering altar of Xom.
  1760 | D:3      | Found a shimmering altar of Xom.
  1762 | D:3      | Found a shimmering altar of Xom.
  1762 | D:3      | Found a shimmering altar of Xom.
  1762 | D:3      | Found a shimmering altar of Xom.
  1762 | D:3      | Found a shimmering altar of Xom.
  1764 | D:3      | Found a shimmering altar of Xom.
  1967 | D:4      | Noticed Natasha
  1970 | D:4      | Killed Natasha
  1990 | D:4      | Reached skill level 4 in Axes
  2018 | D:4      | Reached XP level 6. HP: 34/49 MP: 1/9
  2047 | D:4      | Reached skill level 5 in Axes
  2115 | D:4      | Noticed Natasha
  2137 | D:4      | Killed Natasha
  2363 | D:4      | Noticed Natasha
  2367 | D:4      | Killed Natasha
  2457 | D:4      | Reached skill level 6 in Axes
  2468 | D:5      | Entered Level 5 of the Dungeon
  2482 | D:5      | Found a staircase to the Ecumenical Temple.
  2492 | Temple   | Entered the Ecumenical Temple
  2506 | Temple   | Became a worshipper of Makhleb the Destroyer
  2561 | D:5      | Found a transporter.
  2581 | D:5      | Reached XP level 7. HP: 32/55 MP: 10/10
  2587 | D:5      | Found a transporter.
  2799 | D:5      | Reached skill level 7 in Axes
  2799 | D:5      | Reached skill level 1 in Evocations
  2831 | D:5      | Noticed Eustachio
  2890 | D:5      | Killed Eustachio
  2890 | D:5      | Reached skill level 8 in Axes
  3283 | D:6      | Reached skill level 9 in Axes
  3381 | D:7      | Reached XP level 8. HP: 25/60 MP: 11/11
  3411 | D:7      | Reached * piety under Makhleb
  3448 | D:7      | Noticed a hippogriff
  3467 | D:7      | Killed a hippogriff
  3467 | D:7      | Reached skill level 10 in Axes
  3618 | D:6      | Reached skill level 11 in Axes
  3683 | D:6      | Gained mutation: You passively map the area around you. [Deep Dwarf growth]
  3683 | D:6      | Reached XP level 9. HP: 26/68 MP: 2/12
  3706 | D:6      | Reached skill level 12 in Axes
  4369 | D:7      | Reached skill level 1 in Shields
  5072 | D:8      | Noticed Maurice
  5072 | D:8      | Noticed Erica
  5086 | D:7      | Killed Erica
  5156 | D:8      | Reached skill level 1 in Fighting
  5221 | D:8      | Found a staircase to the Lair.
  5297 | D:8      | Reached ** piety under Makhleb
  5297 | D:8      | Reached XP level 10. HP: 45/84 MP: 2/13
  5462 | D:8      | Reached skill level 13 in Axes
  5527 | D:8      | Reached *** piety under Makhleb
  5727 | D:8      | Noticed Joseph
  5761 | D:8      | Killed Joseph
  5780 | D:8      | Reached skill level 14 in Axes
  5939 | D:8      | Killed Maurice
  5943 | D:8      | Got an iridescent fustibalus
  5944 | D:8      | Identified the +3 fustibalus of Calamity {velocity, *Drain MR+ Str+3 Int+4} (You took it off an orc on level 8 of the Dungeon)
  6199 | D:8      | Found a shadowy altar of Dithmenos.
  6202 | D:8      | Found a glowing silver altar of Zin.
  6205 | D:8      | Found a deep blue altar of Sif Muna.
  6329 | D:9      | Reached **** piety under Makhleb
  6336 | D:9      | Reached skill level 15 in Axes
  6501 | D:9      | Reached XP level 11. HP: 90/90 MP: 3/14
  6718 | D:9      | Reached skill level 5 in Dodging
  7223 | D:10     | Entered Level 10 of the Dungeon
  7329 | D:10     | Noticed Nergalle
  7354 | D:10     | Noticed a spectral orc warlord
  7390 | D:10     | Slain by a wraith

Skill      XL: |  1  2  3  4  5  6  7  8  9 10 11 |
---------------+----------------------------------+-----
Necromancy     | 5 6 |  6.0
Spellcasting   | 2 |  2.0
Axes           | 3 4 6 9 11 12 15 | 15.1
Evocations     | 1 |  1.0
Shields        | 7 |  7.1
Fighting       | 3 |  3.0
Dodging        | 7 |  7.5
Stealth        | |  2.4

Action                   |  1- 3 |  4- 6 |  7- 9 | 10-12 || total
-------------------------+-------+-------+-------+-------++-------
Melee: Unarmed           |    13 |       |       |       ||    13
       War axe           |       |    93 |   257 |   667 ||  1017
 Cast: Pain              |    66 |    18 |    15 |    29 ||   128
       Vampiric Draining |     3 |    26 |    66 |    82 ||   177
       Animate Skeleton  |     2 |     9 |    10 |     7 ||    28
Evoke: Wand              |       |     4 |     3 |       ||     7
  Use: Scroll            |       |       |     6 |     1 ||     7
       Potion            |       |       |     7 |     7 ||    14
 Stab: Sleeping          |       |     1 |     2 |     1 ||     4
       Distracted        |       |       |       |     3 ||     3
  Eat: Chunk             |     3 |     7 |    17 |    10 ||    37
       Bread ration      |       |       |       |     2 ||     2
Armor: Robe              |     4 |       |       |       ||     4
       Leather armour    |     5 |    28 |   128 |   188 ||   349
       Skin              |       |       |     3 |   148 ||   151
Dodge: Dodged            |    17 |    95 |   240 |   375 ||   727
Block: Buckler           |       |       |    46 |   234 ||   280
